Map: Ruines d’Endion

Players

MeTraLLaDoRa - Winner!

  • Race: Terran Terran
  • League: Gold
  • Spawn Location: 5:00

zidar

  • Race: Zerg Zerg
  • League: Gold
  • Spawn Location: 7:00

VOD

Have the link to the VOD?

Description

Time

  • Played on: June 16, 2016, 11:33 a.m.
  • Length: 11:53
Show
View Real Time Build Order
Export as new Build Order

MeTraLLaDoRa Terran - Winner!

Build Orders: Reaper Expand, Hellion Banshee 

Get SALT Encoding   

  12  0:01  SCV  
  13  0:13  SCV  
  14  0:20  Supply Depot  
  14  0:25  SCV  
  15  0:42  SCV  
  16  0:44  Barracks  
  16  0:46  Refinery  
  16  0:54  SCV  
  17  1:06  SCV  
  18  1:18  SCV  
  19  1:31  Reaper  
  19  1:32  Orbital Command  
  20  2:00  SCV  
  20  2:01  Command Center  
  21  2:08  Supply Depot  
  21  2:17  Refinery, SCV  
  21  2:18  Barracks Reactor  
  22  2:25  Factory  
  22  2:29  SCV  
  23  2:43  SCV  
  24  2:55  Marine x2  
  24  2:56  SCV  
  27  3:08  SCV  
  27  3:09  Starport  
  28  3:19  Bunker  
  32  3:27  Barracks Tech Lab, Hellion x2  
  32  3:31  SCV  
  32  3:32  Orbital Command  
  33  3:52  SCV, Supply Depot  
  34  3:57  Banshee  
  34  3:58  Cloaking Field  
  34  4:00  Hellion  
  34  4:01  SCV, Hellion  
  42  4:07  Factory  
  42  4:15  Supply Depot  
  42  4:16  SCV x2  
  44  4:22  Barracks Tech Lab  
  44  4:25  Hellion  
  44  4:28  SCV  
  44  4:29  SCV  
  48  4:38  Supply Depot  
  48  4:44  Banshee  
  51  4:46  Hellion  
  51  4:51  SCV x2  
  55  4:59  Refinery  
  55  5:02  Refinery  
  55  5:12  Siege Tank  
  55  5:14  Hellion x2  
  62  5:17  Armory  
  62  5:19  Supply Depot  
  62  5:27  Barracks Tech Lab, Viking  
  64  5:36  SCV x2  
  66  5:50  SCV x2  
  66  5:52  Siege Tank  
  71  6:03  Hellion x2  
  75  6:07  Supply Depot  
  75  6:19  Banshee  
  78  6:26  Siege Tank  
  64  6:58  Siege Tank  
  62  7:02  Banshee  
  64  7:12  Terran Vehicle Weapons Level 1  
  64  7:21  Command Center  
  64  7:30  Siege Tank  
  64  7:31  Hellion  
  64  7:32  Hellion  
  71  7:45  SCV x2, Banshee  
  76  7:52  Marauder  
  76  7:54  Supply Depot  
  78  8:01  Factory  
  78  8:05  Engineering Bay  
  78  8:06  Supply Depot  
  78  8:25  SCV x2  
  80  8:45  Siege Tank  
  83  8:53  Factory Tech Lab  
  83  9:00  Hellion x2  
  83  9:01  SCV  
  88  9:18  Siege Tank  
  91  9:31  Liberator  
  91  9:49  Thor, Supply Depot  
  91  9:50  Thor  
  106  10:01  Planetary Fortress  
  106  10:04  SCV x2  
  108  10:25  Hellion x2  
  112  10:31  Banshee  
  109  10:51  Siege Tank  
  109  10:52  Hellion, Siege Tank  
  109  10:53  Hellion  
  113  11:20  Hellion x2  
  123  11:27  Refinery  
  123  11:29  Refinery  
  123  11:33  SCV  
  123  11:34  SCV  
  123  11:39  SCV  
Show
View Real Time Build Order
Export as new Build Order

zidar Zerg 

Build Orders: Hatch First 

Get SALT Encoding   

  12  0:01  Drone  
  13  0:14  Overlord  
  13  0:19  Drone  
  14  0:32  Drone x2  
  16  0:52  Hatchery  
  16  0:54  Drone  
  16  0:57  Extractor  
  16  0:59  Drone  
  16  1:08  Drone  
  17  1:22  Spawning Pool  
  17  1:24  Drone  
  17  1:29  Drone  
  18  1:38  Overlord  
  18  2:04  Drone  
  18  2:10  Queen x2  
  18  2:11  Zergling x2  
  18  2:13  Zergling x2  
  24  2:17  Zergling x2  
  25  2:49  Roach Warren  
  25  2:50  Drone  
  25  2:51  Drone  
  25  2:52  Drone  
  25  2:54  Extractor  
  25  2:57  Drone x3  
  29  3:07  Drone  
  30  3:20  Drone x3  
  33  3:37  Roach  
  33  3:40  Overlord x3  
  35  3:54  Evolution Chamber, Drone x2  
  36  4:03  Drone x4  
  40  4:23  Zerg Missile Weapons Level 1  
  40  4:25  Roach  
  40  4:26  Roach x4  
  40  4:30  Overlord  
  50  4:38  Roach  
  50  4:39  Roach  
  50  4:44  Roach x2  
  50  4:45  Roach  
  60  4:48  Roach x3  
  60  4:50  Ravager  
  60  4:51  Ravager  
  68  4:54  Overlord  
  68  5:14  Ravager  
  68  5:15  Ravager  
  68  5:18  Roach  
  68  5:19  Roach x2  
  76  5:32  Overlord x4  
  76  5:58  Ravager x3  
  79  6:17  Spore Crawler  
  34  7:09  Zergling x4  
  34  7:10  Roach, Zergling x10  
  34  7:11  Roach x11  
  65  7:19  Spore Crawler  
  64  7:24  Spore Crawler  
  64  7:29  Spore Crawler  
  62  7:33  Ravager x3  
  65  7:47  Drone x9  
  74  7:54  Lair  
  74  8:01  Roach x2  
  78  8:06  Extractor  
  78  8:07  Extractor  
  76  8:22  Roach x4  
  71  8:56  Overseer  
  69  9:05  Hydralisk Den  
  69  9:06  Zerg Missile Weapons Level 2  
  68  9:24  Roach x6, Hatchery  
  79  9:55  Roach x3  
  84  10:12  Spore Crawler  
  83  10:18  Hydralisk  
  83  10:20  Hydralisk  
  85  10:21  Overlord x2  
  85  10:22  Overlord  
  73  10:49  Hydralisk x2  
  69  10:50  Hydralisk x3  
  77  11:20  Hydralisk  
  77  11:21  Hydralisk  
Tags
 
Add a new tag
Caveats
  • Supply blocks, unpowered buildings, or Contaminate may cause inaccurate times.
  • Supply counts are checked every 10 seconds.